 Dungeon Crawl Stone Soup version 0.31-a0-358-gac0dbeb3ab (webtiles) character file.

Game seed: 5691552217958748353

139 Locuples the Magician (level 5, -4/28 HPs)
             Began as a Deep Elf Earth Elementalist on July 25, 2023.
             Killed by divine providence
             ... invoked by an orc priest
              (12 damage)
             ... on level 4 of the Dungeon.
             The game lasted 00:05:29 (2712 turns).

Locuples the Magician (Deep Elf Earth Elementalist) Turns: 2712, Time: 00:05:30

Health: -4/28      AC:  2    Str:  5    XL:     5   Next: 1%
Magic:  10/15      EV: 12    Int: 22    God:
Gold:   233        SH:  0    Dex: 15    Spells: 14/15 levels left

rFire   . . .        (no weapon)
rCold   . . .        (no shield)
rNeg    . . .        a - +0 robe
rPois   .            (no helmet)
rElec   .            (no cloak)
rCorr   .            (no gloves)
SInv    .            (no boots)
Will    .....        (no amulet)
Stlth   ++           c - ring of wizardry
HPRegen 0.24/turn    (no ring)
MPRegen 0.14/turn

%: wizardry (x1)
@: no status effects
A: no striking features
a: no special abilities


You were on level 4 of the Dungeon.
You visited 1 branch of the dungeon, and saw 4 of its levels.

You collected 233 gold pieces.

Inventory:

Armour
 a - a +0 robe (worn)
Jewellery
 c - a ring of wizardry (left hand)
Scrolls
 e - 9 scrolls of identify {unknown}
 g - a scroll of teleportation {unknown}
 h - a scroll of fog {unknown}
 j - a scroll of silence {unknown}
 k - a scroll of enchant armour {unknown}
 l - a scroll of revelation {unknown}
 p - a scroll of blinking {unknown}
 r - a scroll of fear {unknown}
Potions
 b - 2 potions of magic
 d - 4 potions of curing {unknown}
 f - a potion of haste {unknown}
 i - a potion of lignification {unknown}
 m - a potion of heal wounds {unknown}
 n - a potion of resistance {unknown}
 o - a potion of degeneration {unknown}
 q - a potion of attraction {unknown}


   Skills:
 - Level 2.4 Dodging
 - Level 2.4 Stealth
 + Level 5.5 Spellcasting
 + Level 1.1 Transmutations
 + Level 4.9 Earth Magic


You had 14 spell levels left.
You knew the following spells:

 Your Spells              Type           Power      Damage    Failure   Level
a - Sandblast             Erth           54%        2d13      1%          1

Your spell library contained the following spells:

 Spells                   Type           Power      Damage    Failure   Level
 Passwall                 Tmut/Erth      15%        N/A       1%          2
 Stone Arrow              Conj/Erth      32%        3d9       4%          3
 Petrify                  Tmut/Erth      19%        N/A       12%         4
 Summon Ice Beast         Ice/Summ       6%         N/A       34%         4
 Summon Mana Viper        Hex/Summ       6%         N/A       69%         5
 Monstrous Menagerie      Summ           3%         N/A       100%        7


Dungeon Overview and Level Annotations

Branches:
Dungeon (4/15)
 Temple: D:4-7

Altars:
Ashenzari
Elyvilon

Shops:
D:2 *((*

Annotations:
D:3 1 runed translucent door, Pascal76's ghost, amateur GrBe


Message History

Found a stone staircase leading down.
There is a stone staircase leading down here.
An orc wizard comes into view. It is wielding a +0 dagger.
The orc priest shouts!
You hear a shout!
The orc priest mumbles some strange prayers to Beogh against you.
Beogh smites you!
Aiming: Sandblast (safe; 1% risk of failure)
Press: ? - help, Q - select action Shift-Dir - straight line, f - orc wizard
Aim: an orc wizard, wielding a +0 dagger and wearing a +0 robe (79% to hit)
The blast of sand hits the orc wizard!
The orc wizard is almost dead.
The orc wizard points at you and mumbles some strange words.
The puff of flame hits you!
The orc priest begins to cast a cantrip, but forgets the words!
Aiming: Sandblast (safe; 1% risk of failure)
Press: ? - help, Q - select action Shift-Dir - straight line, f/p - orc wizard
Aim: an orc wizard, wielding a +0 dagger and wearing a +0 robe (almost dead, 79% to hit)
The blast of sand hits the orc wizard!
You kill the orc wizard!
Unknown command.
Aiming: Sandblast (safe; 1% risk of failure)
Press: ? - help, Q - select action Shift-Dir - straight line, f - orc wizard
Aim: an orc wizard, wielding a +0 dagger and wearing a +0 robe (79% to hit)
The blast of sand hits the orc wizard!
You kill the orc wizard!
You have reached level 5!
Aiming: Sandblast (safe; 1% risk of failure)
Press: ? - help, Q - select action Shift-Dir - straight line, f - orc priest
Aim: an orc priest, wielding a +0 dagger and wearing a +0 scale mail (85% to hit)
The blast of sand misses the orc priest.
The orc priest calls down the wrath of Beogh upon you.
Pain shoots through your body!
* * * LOW HITPOINT WARNING * * *
Aiming: Sandblast (safe; 1% risk of failure)
Press: ? - help, Q - select action Shift-Dir - straight line, f/p - orc priest
Aim: an orc priest, wielding a +0 dagger and wearing a +0 scale mail (85% to hit)
The blast of sand hits the orc priest but does no damage.
The orc priest invokes the aid of Beogh against you.
Beogh smites you!
You die...

.######........
.............. ..............
.............. .............#
)............# '#...........#
.#.#####.....################
.#........#..oo.@...........#
.########.#.#.#############.#
.######## #.#.# #.# ........#
#.#.# #.# #######.# #.#.# #.#
#.# #.#.# #.# #.# #.#.#
########.# #.# ..# #.......>#
#.# #.########


You could see 2 orc priests.

Vanquished Creatures
  3 orc wizards
  An adder (D:3)
  2 dart slugs
  4 orcs (D:3)
  10 endoplasms
  A giant cockroach (D:1)
  6 hobgoblins
  A quokka (D:1)
  5 ball pythons
  5 bats
  3 frilled lizards
  A goblin (D:3)
  6 kobolds
  A rat (D:3)
49 creatures vanquished.

Notes
Turn   | Place    | Note
-------+----------+-------------------------------------------
     0 | D:1      | Locuples the Deep Elf Earth Elementalist began the quest
                  | for the Orb.
     0 | D:1      | Reached XP level 1. HP: 10/10 MP: 6/6
   335 | D:1      | Reached XP level 2. HP: 15/15 MP: 6/8
   742 | D:2      | Found Feur's General Store.
   765 | D:2      | Found Ciaca's Assorted Antiques.
  1345 | D:2      | Found Odwiz's Weapon Shoppe.
  1446 | D:2      | Found Uppisk's Weapon Shoppe.
  1456 | D:2      | Reached skill level 4 in Spellcasting
  1456 | D:2      | Reached XP level 3. HP: 19/19 MP: 7/10
  1769 | D:3      | Found a runed translucent door.
  1770 | D:3      | Noticed Pascal76's ghost (amateur GrBe)
  1820 | D:3      | Reached XP level 4. HP: 21/24 MP: 0/12
  2196 | D:3      | Reached skill level 5 in Spellcasting
  2432 | D:4      | Found a broken altar of Ashenzari.
  2586 | D:4      | Found a white marble altar of Elyvilon.
  2711 | D:4      | Reached XP level 5. HP: 12/28 MP: 12/15
  2712 | D:4      | Killed from afar by an orc priest

Illustrated notes

Levels and vault maps discovered:
D:1:      dpeg_arrival_arbitrary_a, layout_rooms, minmay_misc_feat_alley,
          chequers_serial_rivers_micro_d
D:2:      layout_loops_corners, serial_shops, nicolae_shop_trees,
          nicolae_shop_rolling_square, nicolae_shop_bloodbath_and_beyond,
          nicolae_shop_tiny_real_fake_doors, minmay_gold_behind_fungi
D:3:      layout_loops_ring, gammafunk_ghost_grave
D:4:      layout_basic, mainiacjoe_overflow_alcove_4, elyvilon_altar_5

Skill      XL: |  1  2  3  4 |
---------------+-------------+-----
Earth Magic    | 4 |  4.9
Spellcasting   | 4 5 |  5.5
Dodging        | |  2.4
Stealth        | |  2.4
Transmutations | |  1.1

Action                     |  1- 3 |  4- 6 || total
---------------------------+-------+-------++-------
   Cast: Sandblast         |    49 |    16 ||    65
 Armour: Robe              |     4 |       ||     4
  Dodge: Dodged            |     7 |     1 ||     8

Table legend: (Time is in decaauts)
 A = Elapsed time spent in this place.
 B = Non-inter-level travel time spent in this place.
 C = Inter-level travel time spent in this place.
 D = Time resting spent in this place.
 E = Time spent auto-exploring this place.
 F = Levels seen in this place.
 G = Mean time per level.
                   A        B        C        D        E       F      G
               +--------+--------+--------+--------+--------+-----+--------+
         Total |   2742 |   2680 |     62 |    125 |   2184 |   4 |  685.5 |
       Dungeon |   2742 |   2680 |     62 |    125 |   2184 |   4 |  685.5 |
               +--------+--------+--------+--------+--------+-----+--------+

Top non-repeatable levels by time:
     D:2: 936 daAuts
     D:3: 770 daAuts
     D:1: 720 daAuts
     D:4: 315 daAuts
